Workbook

Sheet Расчет субсидий
A1: Распределение субсидий местным бюджетам для софинансирования расходных обязательств по вопросам местного значения, предоставляемых с учетом выполнения показателей социально-экономического развития
A2: За ноябрь 2019 года
A3: Наименование муниципального образования | B3: Отсутствие просроченной кредиторской задолженности местного бюджета (консолидированного бюджета городского округа с внутригородским делением, консолидированного бюджета муниципального района) по состоянию на конец отчетного периода | D3: Сводная оценка выполнения социально-экономических показателей | E3: Годовое значение, тыс. рублей | F3: План распределения за период, тыс. рублей | G3: Распределение за отчетный период, тыс. рублей | H3: Отклонение от планируемого распределения, тыс. рублей | I3: Корректировка распределения с учетом Закона СО от 09.12.2019 № 124-ГД, тыс. рублей | J3: Распределение за отчётный период с учетом корректировки, тыс. рублей | K3: Соблюдение условий предоставления субсидий*: | O3: Распределение за отчётный период с учетом выполнения условий предоставления субсидий, тыс. рублей
K4: для муниципальных районов и городских округов (городских округов с внутригородским делением) | M4: для всех поселений | N4: для всех муниципальных образований | O4: Всего | P4: в том числе:
K5: доля дотаций на выравнивание бюджетной обеспеченности в доходах бюджета (без учета субвенций) за 2018 год > 20 % | L5: муниципальный долг на 01.11.2019 > 90% от утвержденного общего годового объема доходов без учета утвержденного объема безвозмездных поступлений | N5: неувеличение объема муниципального долга в части кредитов кредитных организаций в октябре 2019 года | P5: в пределах суммы, предусмотренной в областном бюджете | Q5: сверх базового объема (на основании постановления Правительства Самарской области) с учетом ограничения, установленного абз. 2 п. 2.7 Порядка предоставления стимулирующих субсидий
B6: Исполнение | C6: Вес | K6: непривлечение кредитов кредитных организаций в октябре 2019 года
A7: 1 | B7: 2 | C7: 3 | D7: 4 | E7: 5 | F7: 6=5/11мес. | G7: 7=4*6 | H7: 8=7-6 | I7: 9 | J7: 10=8+9 | K7: 11 | L7: 12 | M7: 13 | N7: 14 | O7: 15 | P7: 16 | Q7: 17
A8: Городские округа (городской округ с внутригородским делением) | E8: =SUM(E9:E18) -> 1827656 | F8: =SUM(F9:F18) -> 166150.5 | G8: =SUM(G9:G18) -> 166150.5 | H8: =SUM(H9:H18) -> 0 | I8: =SUM(I9:I18) -> 14182.2 | J8: =SUM(J9:J18) -> 180332.7 | O8: =SUM(O9:O18) -> 173784.6 | P8: =SUM(P9:P18) -> 65148.4 | Q8: =SUM(Q9:Q18) -> 79762.4
A9: Самара | B9: 1 | C9: 15 | D9: =(B9*C9)/(C9) -> 1 | E9: 296098 | F9: =ROUND(E9/11,1) -> 26918 | G9: =ROUND(D9*F9,1) -> 26918 | H9: =G9-F9 -> 0 | J9: =IF(G9+I9>0,ROUND(G9+I9,1),0) -> 26918 | O9: =IF(OR(K9="+",L9="+",M9="+",N9="+"),0,J9) -> 26918 | P9: 0 | Q9: 19763.6
A10: Тольятти | B10: 1 | C10: 15 | D10: =(B10*C10)/(C10) -> 1 | E10: 712744 | F10: =ROUND(E10/11,1) -> 64794.9 | G10: =ROUND(D10*F10,1) -> 64794.9 | H10: =G10-F10 -> 0 | J10: =IF(G10+I10>0,ROUND(G10+I10,1),0) -> 64794.9 | O10: =IF(OR(K10="+",L10="+",M10="+",N10="+"),0,J10) -> 64794.9 | P10: 0 | Q10: 47573.4
A11: Сызрань | B11: 1 | C11: 15 | D11: =(B11*C11)/(C11) -> 1 | E11: 167666 | F11: =ROUND(E11/11,1) -> 15242.4 | G11: =ROUND(D11*F11,1) -> 15242.4 | H11: =G11-F11 -> 0 | J11: =IF(G11+I11>0,ROUND(G11+I11,1),0) -> 15242.4 | O11: =IF(OR(K11="+",L11="+",M11="+",N11="+"),0,J11) -> 15242.4 | P11: 15242.4 | Q11: 0
A12: Новокуйбышевск | B12: 1 | C12: 15 | D12: =(B12*C12)/(C12) -> 1 | E12: 72029 | F12: =ROUND(E12/11,1) -> 6548.1 | G12: =ROUND(D12*F12,1) -> 6548.1 | H12: =G12-F12 -> 0 | J12: =IF(G12+I12>0,ROUND(G12+I12,1),0) -> 6548.1 | N12: + | O12: =IF(OR(K12="+",L12="+",M12="+",N12="+"),0,J12) -> 0 | P12: 0 | Q12: 0
A13: Чапаевск | B13: 1 | C13: 15 | D13: =(B13*C13)/(C13) -> 1 | E13: 138220 | F13: =ROUND(E13/11,1) -> 12565.5 | G13: =ROUND(D13*F13,1) -> 12565.5 | H13: =G13-F13 -> 0 | J13: =IF(G13+I13>0,ROUND(G13+I13,1),0) -> 12565.5 | O13: =IF(OR(K13="+",L13="+",M13="+",N13="+"),0,J13) -> 12565.5 | P13: 0 | Q13: 9225.8
A14: Отрадный | B14: 1 | C14: 15 | D14: =(B14*C14)/(C14) -> 1 | E14: 49201 | F14: =ROUND(E14/11,1) -> 4472.8 | G14: =ROUND(D14*F14,1) -> 4472.8 | H14: =G14-F14 -> 0 | J14: =IF(G14+I14>0,ROUND(G14+I14,1),0) -> 4472.8 | O14: =IF(OR(K14="+",L14="+",M14="+",N14="+"),0,J14) -> 4472.8 | P14: 4365.4 | Q14: 78.9
A15: Жигулевск | B15: 1 | C15: 15 | D15: =(B15*C15)/(C15) -> 1 | E15: 120632 | F15: =ROUND(E15/11,1) -> 10966.5 | G15: =ROUND(D15*F15,1) -> 10966.5 | H15: =G15-F15 -> 0 | J15: =IF(G15+I15>0,ROUND(G15+I15,1),0) -> 10966.5 | O15: =IF(OR(K15="+",L15="+",M15="+",N15="+"),0,J15) -> 10966.5 | P15: 10966.5 | Q15: 0
A16: Октябрьск | B16: 1 | C16: 15 | D16: =(B16*C16)/(C16) -> 1 | E16: 95134 | F16: =ROUND(E16/11,1) -> 8648.5 | G16: =ROUND(D16*F16,1) -> 8648.5 | H16: =G16-F16 -> 0 | I16: 14182.2 | J16: =IF(G16+I16>0,ROUND(G16+I16,1),0) -> 22830.7 | O16: =IF(OR(K16="+",L16="+",M16="+",N16="+"),0,J16) -> 22830.7 | P16: 22583.2 | Q16: 181.7
A17: Кинель | B17: 1 | C17: 15 | D17: =(B17*C17)/(C17) -> 1 | E17: 114188 | F17: =ROUND(E17/11,1) -> 10380.7 | G17: =ROUND(D17*F17,1) -> 10380.7 | H17: =G17-F17 -> 0 | J17: =IF(G17+I17>0,ROUND(G17+I17,1),0) -> 10380.7 | O17: =IF(OR(K17="+",L17="+",M17="+",N17="+"),0,J17) -> 10380.7 | P17: 10380.7 | Q17: 0
A18: Похвистнево | B18: 1 | C18: 15 | D18: =(B18*C18)/(C18) -> 1 | E18: 61744 | F18: =ROUND(E18/11,1) -> 5613.1 | G18: =ROUND(D18*F18,1) -> 5613.1 | H18: =G18-F18 -> 0 | J18: =IF(G18+I18>0,ROUND(G18+I18,1),0) -> 5613.1 | O18: =IF(OR(K18="+",L18="+",M18="+",N18="+"),0,J18) -> 5613.1 | P18: 1610.2 | Q18: 2939
A19: Внутригородские районы г.о.Самара | E19: =SUM(E20:E28) -> 1175 | F19: =SUM(F20:F28) -> 106.8 | G19: =SUM(G20:G28) -> 106.8 | H19: =SUM(H20:H28) -> 0 | I19: =SUM(I20:I28) -> 0 | J19: =SUM(J20:J28) -> 106.8 | O19: =SUM(O20:O28) -> 106.8 | P19: =SUM(P20:P28) -> 0 | Q19: =SUM(Q20:Q28) -> 78.4
A20: Железнодорожный | B20: =B$9 -> 1 | C20: 15 | D20: =(B20*C20)/(C20) -> 1 | E20: 0 | F20: =ROUND(E20/11,1) -> 0 | G20: =ROUND(D20*F20,1) -> 0 | H20: =G20-F20 -> 0 | J20: =IF(G20+I20>0,ROUND(G20+I20,1),0) -> 0 | O20: =IF(OR(K20="+",L20="+",M20="+",N20="+"),0,J20) -> 0 | P20: 0 | Q20: 0
A21: Кировский | B21: =B$9 -> 1 | C21: 15 | D21: =(B21*C21)/(C21) -> 1 | E21: 0 | F21: =ROUND(E21/11,1) -> 0 | G21: =ROUND(D21*F21,1) -> 0 | H21: =G21-F21 -> 0 | J21: =IF(G21+I21>0,ROUND(G21+I21,1),0) -> 0 | O21: =IF(OR(K21="+",L21="+",M21="+",N21="+"),0,J21) -> 0 | P21: 0 | Q21: 0
A22: Красноглинский | B22: =B$9 -> 1 | C22: 15 | D22: =(B22*C22)/(C22) -> 1 | E22: 0 | F22: =ROUND(E22/11,1) -> 0 | G22: =ROUND(D22*F22,1) -> 0 | H22: =G22-F22 -> 0 | J22: =IF(G22+I22>0,ROUND(G22+I22,1),0) -> 0 | O22: =IF(OR(K22="+",L22="+",M22="+",N22="+"),0,J22) -> 0 | P22: 0 | Q22: 0
A23: Куйбышевский | B23: =B$9 -> 1 | C23: 15 | D23: =(B23*C23)/(C23) -> 1 | E23: 0 | F23: =ROUND(E23/11,1) -> 0 | G23: =ROUND(D23*F23,1) -> 0 | H23: =G23-F23 -> 0 | J23: =IF(G23+I23>0,ROUND(G23+I23,1),0) -> 0 | O23: =IF(OR(K23="+",L23="+",M23="+",N23="+"),0,J23) -> 0 | P23: 0 | Q23: 0
A24: Ленинский | B24: =B$9 -> 1 | C24: 15 | D24: =(B24*C24)/(C24) -> 1 | E24: 0 | F24: =ROUND(E24/11,1) -> 0 | G24: =ROUND(D24*F24,1) -> 0 | H24: =G24-F24 -> 0 | J24: =IF(G24+I24>0,ROUND(G24+I24,1),0) -> 0 | O24: =IF(OR(K24="+",L24="+",M24="+",N24="+"),0,J24) -> 0 | P24: 0 | Q24: 0
A25: Октябрьский | B25: =B$9 -> 1 | C25: 15 | D25: =(B25*C25)/(C25) -> 1 | E25: 0 | F25: =ROUND(E25/11,1) -> 0 | G25: =ROUND(D25*F25,1) -> 0 | H25: =G25-F25 -> 0 | J25: =IF(G25+I25>0,ROUND(G25+I25,1),0) -> 0 | O25: =IF(OR(K25="+",L25="+",M25="+",N25="+"),0,J25) -> 0 | P25: 0 | Q25: 0
A26: Промышленный | B26: =B$9 -> 1 | C26: 15 | D26: =(B26*C26)/(C26) -> 1 | E26: 0 | F26: =ROUND(E26/11,1) -> 0 | G26: =ROUND(D26*F26,1) -> 0 | H26: =G26-F26 -> 0 | J26: =IF(G26+I26>0,ROUND(G26+I26,1),0) -> 0 | O26: =IF(OR(K26="+",L26="+",M26="+",N26="+"),0,J26) -> 0 | P26: 0 | Q26: 0
A27: Самарский | B27: =B$9 -> 1 | C27: 15 | D27: =(B27*C27)/(C27) -> 1 | E27: 0 | F27: =ROUND(E27/11,1) -> 0 | G27: =ROUND(D27*F27,1) -> 0 | H27: =G27-F27 -> 0 | J27: =IF(G27+I27>0,ROUND(G27+I27,1),0) -> 0 | O27: =IF(OR(K27="+",L27="+",M27="+",N27="+"),0,J27) -> 0 | P27: 0 | Q27: 0
A28: Советский | B28: =B$9 -> 1 | C28: 15 | D28: =(B28*C28)/(C28) -> 1 | E28: 1175 | F28: =ROUND(E28/11,1) -> 106.8 | G28: =ROUND(D28*F28,1) -> 106.8 | H28: =G28-F28 -> 0 | J28: =IF(G28+I28>0,ROUND(G28+I28,1),0) -> 106.8 | O28: =IF(OR(K28="+",L28="+",M28="+",N28="+"),0,J28) -> 106.8 | P28: 0 | Q28: 78.4
A29: Муниципальные районы | E29: =SUM(E30:E56) -> 982597 | F29: =SUM(F30:F56) -> 89326.8 | G29: =SUM(G30:G56) -> 89326.8 | H29: =SUM(H30:H56) -> 0 | I29: =SUM(I30:I56) -> 17035.5 | J29: =SUM(J30:J56) -> 106362.3 | O29: =SUM(O30:O56) -> 106362.3 | P29: =SUM(P30:P56) -> 62489 | Q29: =SUM(Q30:Q56) -> 32212.3
A30: Алексеевский | B30: 1 | C30: 10 | D30: =(B30*C30)/(C30) -> 1 | E30: 32550 | F30: =ROUND(E30/11,1) -> 2959.1 | G30: =ROUND(D30*F30,1) -> 2959.1 | H30: =G30-F30 -> 0 | J30: =IF(G30+I30>0,ROUND(G30+I30,1),0) -> 2959.1 | O30: =IF(OR(K30="+",L30="+",M30="+",N30="+"),0,J30) -> 2959.1 | P30: 2959.1 | Q30: 0
A31: Безенчукский | B31: 1 | C31: 10 | D31: =(B31*C31)/(C31) -> 1 | E31: 38433 | F31: =ROUND(E31/11,1) -> 3493.9 | G31: =ROUND(D31*F31,1) -> 3493.9 | H31: =G31-F31 -> 0 | J31: =IF(G31+I31>0,ROUND(G31+I31,1),0) -> 3493.9 | O31: =IF(OR(K31="+",L31="+",M31="+",N31="+"),0,J31) -> 3493.9 | P31: 0 | Q31: 2565.3
A32: Богатовский | B32: 1 | C32: 10 | D32: =(B32*C32)/(C32) -> 1 | E32: 32641 | F32: =ROUND(E32/11,1) -> 2967.4 | G32: =ROUND(D32*F32,1) -> 2967.4 | H32: =G32-F32 -> 0 | J32: =IF(G32+I32>0,ROUND(G32+I32,1),0) -> 2967.4 | O32: =IF(OR(K32="+",L32="+",M32="+",N32="+"),0,J32) -> 2967.4 | P32: 361.8 | Q32: 1913.1
A33: Большеглушицкий | B33: 1 | C33: 10 | D33: =(B33*C33)/(C33) -> 1 | E33: 31736 | F33: =ROUND(E33/11,1) -> 2885.1 | G33: =ROUND(D33*F33,1) -> 2885.1 | H33: =G33-F33 -> 0 | I33: 1742.6 | J33: =IF(G33+I33>0,ROUND(G33+I33,1),0) -> 4627.7 | O33: =IF(OR(K33="+",L33="+",M33="+",N33="+"),0,J33) -> 4627.7 | P33: 4045.6 | Q33: 427.4
A34: Большечерниговский | B34: 1 | C34: 10 | D34: =(B34*C34)/(C34) -> 1 | E34: 41942 | F34: =ROUND(E34/11,1) -> 3812.9 | G34: =ROUND(D34*F34,1) -> 3812.9 | H34: =G34-F34 -> 0 | J34: =IF(G34+I34>0,ROUND(G34+I34,1),0) -> 3812.9 | O34: =IF(OR(K34="+",L34="+",M34="+",N34="+"),0,J34) -> 3812.9 | P34: 3088.3 | Q34: 532
A35: Борский | B35: 1 | C35: 10 | D35: =(B35*C35)/(C35) -> 1 | E35: 43648 | F35: =ROUND(E35/11,1) -> 3968 | G35: =ROUND(D35*F35,1) -> 3968 | H35: =G35-F35 -> 0 | J35: =IF(G35+I35>0,ROUND(G35+I35,1),0) -> 3968 | O35: =IF(OR(K35="+",L35="+",M35="+",N35="+"),0,J35) -> 3968 | P35: 1848 | Q35: 1556.5
A36: Волжский | B36: 1 | C36: 10 | D36: =(B36*C36)/(C36) -> 1 | E36: 29860 | F36: =ROUND(E36/11,1) -> 2714.5 | G36: =ROUND(D36*F36,1) -> 2714.5 | H36: =G36-F36 -> 0 | J36: =IF(G36+I36>0,ROUND(G36+I36,1),0) -> 2714.5 | O36: =IF(OR(K36="+",L36="+",M36="+",N36="+"),0,J36) -> 2714.5 | P36: 1342.5 | Q36: 1007.3
A37: Елховский | B37: 1 | C37: 10 | D37: =(B37*C37)/(C37) -> 1 | E37: 21008 | F37: =ROUND(E37/11,1) -> 1909.8 | G37: =ROUND(D37*F37,1) -> 1909.8 | H37: =G37-F37 -> 0 | I37: 1947.1 | J37: =IF(G37+I37>0,ROUND(G37+I37,1),0) -> 3856.9 | O37: =IF(OR(K37="+",L37="+",M37="+",N37="+"),0,J37) -> 3856.9 | P37: 3856.9 | Q37: 0
A38: Исаклинский | B38: 1 | C38: 10 | D38: =(B38*C38)/(C38) -> 1 | E38: 44585 | F38: =ROUND(E38/11,1) -> 4053.2 | G38: =ROUND(D38*F38,1) -> 4053.2 | H38: =G38-F38 -> 0 | J38: =IF(G38+I38>0,ROUND(G38+I38,1),0) -> 4053.2 | O38: =IF(OR(K38="+",L38="+",M38="+",N38="+"),0,J38) -> 4053.2 | P38: 0 | Q38: 2975.9
A39: Камышлинский | B39: 1 | C39: 10 | D39: =(B39*C39)/(C39) -> 1 | E39: 47144 | F39: =ROUND(E39/11,1) -> 4285.8 | G39: =ROUND(D39*F39,1) -> 4285.8 | H39: =G39-F39 -> 0 | I39: 3599.9 | J39: =IF(G39+I39>0,ROUND(G39+I39,1),0) -> 7885.7 | O39: =IF(OR(K39="+",L39="+",M39="+",N39="+"),0,J39) -> 7885.7 | P39: 4247 | Q39: 2671.6
A40: Кинельский | B40: 1 | C40: 10 | D40: =(B40*C40)/(C40) -> 1 | E40: 7497 | F40: =ROUND(E40/11,1) -> 681.5 | G40: =ROUND(D40*F40,1) -> 681.5 | H40: =G40-F40 -> 0 | J40: =IF(G40+I40>0,ROUND(G40+I40,1),0) -> 681.5 | O40: =IF(OR(K40="+",L40="+",M40="+",N40="+"),0,J40) -> 681.5 | P40: 82.2 | Q40: 440
A41: Кинель-Черкасский | B41: 1 | C41: 10 | D41: =(B41*C41)/(C41) -> 1 | E41: 19492 | F41: =ROUND(E41/11,1) -> 1772 | G41: =ROUND(D41*F41,1) -> 1772 | H41: =G41-F41 -> 0 | J41: =IF(G41+I41>0,ROUND(G41+I41,1),0) -> 1772 | O41: =IF(OR(K41="+",L41="+",M41="+",N41="+"),0,J41) -> 1772 | P41: 1194.9 | Q41: 423.7
A42: Клявлинский | B42: 1 | C42: 10 | D42: =(B42*C42)/(C42) -> 1 | E42: 25949 | F42: =ROUND(E42/11,1) -> 2359 | G42: =ROUND(D42*F42,1) -> 2359 | H42: =G42-F42 -> 0 | I42: 7985.4 | J42: =IF(G42+I42>0,ROUND(G42+I42,1),0) -> 10344.4 | O42: =IF(OR(K42="+",L42="+",M42="+",N42="+"),0,J42) -> 10344.4 | P42: 8075 | Q42: 1666.2
A43: Кошкинский | B43: 1 | C43: 10 | D43: =(B43*C43)/(C43) -> 1 | E43: 41493 | F43: =ROUND(E43/11,1) -> 3772.1 | G43: =ROUND(D43*F43,1) -> 3772.1 | H43: =G43-F43 -> 0 | J43: =IF(G43+I43>0,ROUND(G43+I43,1),0) -> 3772.1 | O43: =IF(OR(K43="+",L43="+",M43="+",N43="+"),0,J43) -> 3772.1 | P43: 0 | Q43: 2769.5
A44: Красноармейский | B44: 1 | C44: 10 | D44: =(B44*C44)/(C44) -> 1 | E44: 30618 | F44: =ROUND(E44/11,1) -> 2783.5 | G44: =ROUND(D44*F44,1) -> 2783.5 | H44: =G44-F44 -> 0 | J44: =IF(G44+I44>0,ROUND(G44+I44,1),0) -> 2783.5 | O44: =IF(OR(K44="+",L44="+",M44="+",N44="+"),0,J44) -> 2783.5 | P44: 2783.5 | Q44: 0
A45: Красноярский | B45: 1 | C45: 10 | D45: =(B45*C45)/(C45) -> 1 | E45: 42719 | F45: =ROUND(E45/11,1) -> 3883.5 | G45: =ROUND(D45*F45,1) -> 3883.5 | H45: =G45-F45 -> 0 | J45: =IF(G45+I45>0,ROUND(G45+I45,1),0) -> 3883.5 | O45: =IF(OR(K45="+",L45="+",M45="+",N45="+"),0,J45) -> 3883.5 | P45: 261.5 | Q45: 2659.3
A46: Нефтегорский | B46: 1 | C46: 10 | D46: =(B46*C46)/(C46) -> 1 | E46: 38544 | F46: =ROUND(E46/11,1) -> 3504 | G46: =ROUND(D46*F46,1) -> 3504 | H46: =G46-F46 -> 0 | J46: =IF(G46+I46>0,ROUND(G46+I46,1),0) -> 3504 | O46: =IF(OR(K46="+",L46="+",M46="+",N46="+"),0,J46) -> 3504 | P46: 3504 | Q46: 0
A47: Пестравский | B47: 1 | C47: 10 | D47: =(B47*C47)/(C47) -> 1 | E47: 27283 | F47: =ROUND(E47/11,1) -> 2480.3 | G47: =ROUND(D47*F47,1) -> 2480.3 | H47: =G47-F47 -> 0 | J47: =IF(G47+I47>0,ROUND(G47+I47,1),0) -> 2480.3 | O47: =IF(OR(K47="+",L47="+",M47="+",N47="+"),0,J47) -> 2480.3 | P47: 2480.3 | Q47: 0
A48: Похвистневский | B48: 1 | C48: 10 | D48: =(B48*C48)/(C48) -> 1 | E48: 51618 | F48: =ROUND(E48/11,1) -> 4692.5 | G48: =ROUND(D48*F48,1) -> 4692.5 | H48: =G48-F48 -> 0 | J48: =IF(G48+I48>0,ROUND(G48+I48,1),0) -> 4692.5 | O48: =IF(OR(K48="+",L48="+",M48="+",N48="+"),0,J48) -> 4692.5 | P48: 887.6 | Q48: 2793.6
A49: Приволжский | B49: 1 | C49: 10 | D49: =(B49*C49)/(C49) -> 1 | E49: 40697 | F49: =ROUND(E49/11,1) -> 3699.7 | G49: =ROUND(D49*F49,1) -> 3699.7 | H49: =G49-F49 -> 0 | J49: =IF(G49+I49>0,ROUND(G49+I49,1),0) -> 3699.7 | O49: =IF(OR(K49="+",L49="+",M49="+",N49="+"),0,J49) -> 3699.7 | P49: 3699.7 | Q49: 0
A50: Сергиевский | B50: 1 | C50: 10 | D50: =(B50*C50)/(C50) -> 1 | E50: 35165 | F50: =ROUND(E50/11,1) -> 3196.8 | G50: =ROUND(D50*F50,1) -> 3196.8 | H50: =G50-F50 -> 0 | J50: =IF(G50+I50>0,ROUND(G50+I50,1),0) -> 3196.8 | O50: =IF(OR(K50="+",L50="+",M50="+",N50="+"),0,J50) -> 3196.8 | P50: 0 | Q50: 2347.1
A51: Ставропольский | B51: 1 | C51: 10 | D51: =(B51*C51)/(C51) -> 1 | E51: 75304 | F51: =ROUND(E51/11,1) -> 6845.8 | G51: =ROUND(D51*F51,1) -> 6845.8 | H51: =G51-F51 -> 0 | J51: =IF(G51+I51>0,ROUND(G51+I51,1),0) -> 6845.8 | O51: =IF(OR(K51="+",L51="+",M51="+",N51="+"),0,J51) -> 6845.8 | P51: 6845.8 | Q51: 0
A52: Сызранский | B52: 1 | C52: 10 | D52: =(B52*C52)/(C52) -> 1 | E52: 35659 | F52: =ROUND(E52/11,1) -> 3241.7 | G52: =ROUND(D52*F52,1) -> 3241.7 | H52: =G52-F52 -> 0 | J52: =IF(G52+I52>0,ROUND(G52+I52,1),0) -> 3241.7 | O52: =IF(OR(K52="+",L52="+",M52="+",N52="+"),0,J52) -> 3241.7 | P52: 3241.7 | Q52: 0
A53: Хворостянский | B53: 1 | C53: 10 | D53: =(B53*C53)/(C53) -> 1 | E53: 34883 | F53: =ROUND(E53/11,1) -> 3171.2 | G53: =ROUND(D53*F53,1) -> 3171.2 | H53: =G53-F53 -> 0 | I53: 1760.5 | J53: =IF(G53+I53>0,ROUND(G53+I53,1),0) -> 4931.7 | O53: =IF(OR(K53="+",L53="+",M53="+",N53="+"),0,J53) -> 4931.7 | P53: 4931.7 | Q53: 0
A54: Челно-Вершинский | B54: 1 | C54: 10 | D54: =(B54*C54)/(C54) -> 1 | E54: 35463 | F54: =ROUND(E54/11,1) -> 3223.9 | G54: =ROUND(D54*F54,1) -> 3223.9 | H54: =G54-F54 -> 0 | J54: =IF(G54+I54>0,ROUND(G54+I54,1),0) -> 3223.9 | O54: =IF(OR(K54="+",L54="+",M54="+",N54="+"),0,J54) -> 3223.9 | P54: 1460 | Q54: 1295.1
A55: Шенталинский | B55: 1 | C55: 10 | D55: =(B55*C55)/(C55) -> 1 | E55: 33094 | F55: =ROUND(E55/11,1) -> 3008.5 | G55: =ROUND(D55*F55,1) -> 3008.5 | H55: =G55-F55 -> 0 | J55: =IF(G55+I55>0,ROUND(G55+I55,1),0) -> 3008.5 | O55: =IF(OR(K55="+",L55="+",M55="+",N55="+"),0,J55) -> 3008.5 | P55: 1291.9 | Q55: 1260.4
A56: Шигонский | B56: 1 | C56: 10 | D56: =(B56*C56)/(C56) -> 1 | E56: 43572 | F56: =ROUND(E56/11,1) -> 3961.1 | G56: =ROUND(D56*F56,1) -> 3961.1 | H56: =G56-F56 -> 0 | J56: =IF(G56+I56>0,ROUND(G56+I56,1),0) -> 3961.1 | O56: =IF(OR(K56="+",L56="+",M56="+",N56="+"),0,J56) -> 3961.1 | P56: 0 | Q56: 2908.3
A57: Городские и сельские поселения | E57: =SUM(E58:E380) -> 479865 | F57: =SUM(F58:F380) -> 43623.8 | G57: =SUM(G58:G380) -> 43623.8 | H57: =SUM(H58:H380) -> 0 | I57: =SUM(I58:I380) -> 0 | J57: =SUM(J58:J380) -> 43623.8 | O57: =SUM(O58:O380) -> 43623.8 | P57: =SUM(P58:P380) -> 21288.4 | Q57: =SUM(Q58:Q380) -> 16398.8
A58: Муниципальный район Алексеевский
A59: Сельское поселение Авангард | B59: 1 | C59: 10 | D59: =(B59*C59)/(C59) -> 1 | E59: 1726 | F59: =ROUND(E59/11,1) -> 156.9 | G59: =ROUND(D59*F59,1) -> 156.9 | H59: =G59-F59 -> 0 | J59: =IF(G59+I59>0,ROUND(G59+I59,1),0) -> 156.9 | O59: =IF(OR(K59="+",L59="+",M59="+",N59="+"),0,J59) -> 156.9 | P59: 156.9 | Q59: 0
A60: Сельское поселение Алексеевка | B60: 1 | C60: 10 | D60: =(B60*C60)/(C60) -> 1 | E60: 2007 | F60: =ROUND(E60/11,1) -> 182.5 | G60: =ROUND(D60*F60,1) -> 182.5 | H60: =G60-F60 -> 0 | J60: =IF(G60+I60>0,ROUND(G60+I60,1),0) -> 182.5 | O60: =IF(OR(K60="+",L60="+",M60="+",N60="+"),0,J60) -> 182.5 | P60: 182.5 | Q60: 0
A61: Сельское поселение Гавриловка | B61: 1 | C61: 10 | D61: =(B61*C61)/(C61) -> 1 | E61: 1829 | F61: =ROUND(E61/11,1) -> 166.3 | G61: =ROUND(D61*F61,1) -> 166.3 | H61: =G61-F61 -> 0 | J61: =IF(G61+I61>0,ROUND(G61+I61,1),0) -> 166.3 | O61: =IF(OR(K61="+",L61="+",M61="+",N61="+"),0,J61) -> 166.3 | P61: 166.3 | Q61: 0
A62: Сельское поселение Герасимовка | B62: 1 | C62: 10 | D62: =(B62*C62)/(C62) -> 1 | E62: 1055 | F62: =ROUND(E62/11,1) -> 95.9 | G62: =ROUND(D62*F62,1) -> 95.9 | H62: =G62-F62 -> 0 | J62: =IF(G62+I62>0,ROUND(G62+I62,1),0) -> 95.9 | O62: =IF(OR(K62="+",L62="+",M62="+",N62="+"),0,J62) -> 95.9 | P62: 95.9 | Q62: 0
A63: Сельское поселение Летниково | B63: 1 | C63: 10 | D63: =(B63*C63)/(C63) -> 1 | E63: 2476 | F63: =ROUND(E63/11,1) -> 225.1 | G63: =ROUND(D63*F63,1) -> 225.1 | H63: =G63-F63 -> 0 | J63: =IF(G63+I63>0,ROUND(G63+I63,1),0) -> 225.1 | O63: =IF(OR(K63="+",L63="+",M63="+",N63="+"),0,J63) -> 225.1 | P63: 225.1 | Q63: 0
A64: Муниципальный район Безенчукский
A65: Городское поселение Безенчук | B65: 1 | C65: 10 | D65: =(B65*C65)/(C65) -> 1 | E65: 57 | F65: =ROUND(E65/11,1) -> 5.2 | G65: =ROUND(D65*F65,1) -> 5.2 | H65: =G65-F65 -> 0 | J65: =IF(G65+I65>0,ROUND(G65+I65,1),0) -> 5.2 | O65: =IF(OR(K65="+",L65="+",M65="+",N65="+"),0,J65) -> 5.2 | P65: 0 | Q65: 3.8
A66: Сельское поселение Васильевка | B66: 1 | C66: 10 | D66: =(B66*C66)/(C66) -> 1 | E66: 887 | F66: =ROUND(E66/11,1) -> 80.6 | G66: =ROUND(D66*F66,1) -> 80.6 | H66: =G66-F66 -> 0 | J66: =IF(G66+I66>0,ROUND(G66+I66,1),0) -> 80.6 | O66: =IF(OR(K66="+",L66="+",M66="+",N66="+"),0,J66) -> 80.6 | P66: 3.7 | Q66: 56.5
A67: Сельское поселение Екатериновка | B67: 1 | C67: 10 | D67: =(B67*C67)/(C67) -> 1 | E67: 186 | F67: =ROUND(E67/11,1) -> 16.9 | G67: =ROUND(D67*F67,1) -> 16.9 | H67: =G67-F67 -> 0 | J67: =IF(G67+I67>0,ROUND(G67+I67,1),0) -> 16.9 | O67: =IF(OR(K67="+",L67="+",M67="+",N67="+"),0,J67) -> 16.9 | P67: 0 | Q67: 12.4
A68: Сельское поселение Звезда | B68: 1 | C68: 10 | D68: =(B68*C68)/(C68) -> 1 | E68: 1399 | F68: =ROUND(E68/11,1) -> 127.2 | G68: =ROUND(D68*F68,1) -> 127.2 | H68: =G68-F68 -> 0 | J68: =IF(G68+I68>0,ROUND(G68+I68,1),0) -> 127.2 | O68: =IF(OR(K68="+",L68="+",M68="+",N68="+"),0,J68) -> 127.2 | P68: 12.5 | Q68: 84.2
A69: Сельское поселение Купино | B69: 1 | C69: 10 | D69: =(B69*C69)/(C69) -> 1 | E69: 1633 | F69: =ROUND(E69/11,1) -> 148.5 | G69: =ROUND(D69*F69,1) -> 148.5 | H69: =G69-F69 -> 0 | J69: =IF(G69+I69>0,ROUND(G69+I69,1),0) -> 148.5 | O69: =IF(OR(K69="+",L69="+",M69="+",N69="+"),0,J69) -> 148.5 | P69: 0 | Q69: 109
A70: Сельское поселение Натальино | B70: 1 | C70: 10 | D70: =(B70*C70)/(C70) -> 1 | E70: 1089 | F70: =ROUND(E70/11,1) -> 99 | G70: =ROUND(D70*F70,1) -> 99 | H70: =G70-F70 -> 0 | J70: =IF(G70+I70>0,ROUND(G70+I70,1),0) -> 99 | O70: =IF(OR(K70="+",L70="+",M70="+",N70="+"),0,J70) -> 99 | P70: 0 | Q70: 72.7
A71: Сельское поселение Ольгино | B71: 1 | C71: 10 | D71: =(B71*C71)/(C71) -> 1 | E71: 1437 | F71: =ROUND(E71/11,1) -> 130.6 | G71: =ROUND(D71*F71,1) -> 130.6 | H71: =G71-F71 -> 0 | J71: =IF(G71+I71>0,ROUND(G71+I71,1),0) -> 130.6 | O71: =IF(OR(K71="+",L71="+",M71="+",N71="+"),0,J71) -> 130.6 | P71: 0 | Q71: 95.9
A72: Городское поселение Осинки | B72: 1 | C72: 10 | D72: =(B72*C72)/(C72) -> 1 | E72: 77 | F72: =ROUND(E72/11,1) -> 7 | G72: =ROUND(D72*F72,1) -> 7 | H72: =G72-F72 -> 0 | J72: =IF(G72+I72>0,ROUND(G72+I72,1),0) -> 7 | O72: =IF(OR(K72="+",L72="+",M72="+",N72="+"),0,J72) -> 7 | P72: 0 | Q72: 5.1
A73: Сельское поселение Переволоки | B73: 1 | C73: 10 | D73: =(B73*C73)/(C73) -> 1 | E73: 852 | F73: =ROUND(E73/11,1) -> 77.5 | G73: =ROUND(D73*F73,1) -> 77.5 | H73: =G73-F73 -> 0 | J73: =IF(G73+I73>0,ROUND(G73+I73,1),0) -> 77.5 | O73: =IF(OR(K73="+",L73="+",M73="+",N73="+"),0,J73) -> 77.5 | P73: 0 | Q73: 56.9
A74: Сельское поселение Песочное | B74: 1 | C74: 10 | D74: =(B74*C74)/(C74) -> 1 | E74: 974 | F74: =ROUND(E74/11,1) -> 88.5 | G74: =ROUND(D74*F74,1) -> 88.5 | H74: =G74-F74 -> 0 | J74: =IF(G74+I74>0,ROUND(G74+I74,1),0) -> 88.5 | O74: =IF(OR(K74="+",L74="+",M74="+",N74="+"),0,J74) -> 88.5 | P74: 0 | Q74: 65
A75: Сельское поселение Преполовенка | B75: 1 | C75: 10 | D75: =(B75*C75)/(C75) -> 1 | E75: 1010 | F75: =ROUND(E75/11,1) -> 91.8 | G75: =ROUND(D75*F75,1) -> 91.8 | H75: =G75-F75 -> 0 | J75: =IF(G75+I75>0,ROUND(G75+I75,1),0) -> 91.8 | O75: =IF(OR(K75="+",L75="+",M75="+",N75="+"),0,J75) -> 91.8 | P75: 22 | Q75: 51.2
A76: Сельское поселение Прибой | B76: 1 | C76: 10 | D76: =(B76*C76)/(C76) -> 1 | E76: 1421 | F76: =ROUND(E76/11,1) -> 129.2 | G76: =ROUND(D76*F76,1) -> 129.2 | H76: =G76-F76 -> 0 | J76: =IF(G76+I76>0,ROUND(G76+I76,1),0) -> 129.2 | O76: =IF(OR(K76="+",L76="+",M76="+",N76="+"),0,J76) -> 129.2 | P76: 0 | Q76: 94.9
A77: Муниципальный район Богатовский
A78: Сельское поселение Арзамасцевка | B78: 1 | C78: 10 | D78: =(B78*C78)/(C78) -> 1 | E78: 2289 | F78: =ROUND(E78/11,1) -> 208.1 | G78: =ROUND(D78*F78,1) -> 208.1 | H78: =G78-F78 -> 0 | J78: =IF(G78+I78>0,ROUND(G78+I78,1),0) -> 208.1 | O78: =IF(OR(K78="+",L78="+",M78="+",N78="+"),0,J78) -> 208.1 | P78: 25.4 | Q78: 134.1
A79: Сельское поселение Богатое | B79: 1 | C79: 10 | D79: =(B79*C79)/(C79) -> 1 | E79: 1814 | F79: =ROUND(E79/11,1) -> 164.9 | G79: =ROUND(D79*F79,1) -> 164.9 | H79: =G79-F79 -> 0 | J79: =IF(G79+I79>0,ROUND(G79+I79,1),0) -> 164.9 | O79: =IF(OR(K79="+",L79="+",M79="+",N79="+"),0,J79) -> 164.9 | P79: 20.1 | Q79: 106.3
A80: Сельское поселение Виловатое | B80: 1 | C80: 10 | D80: =(B80*C80)/(C80) -> 1 | E80: 2179 | F80: =ROUND(E80/11,1) -> 198.1 | G80: =ROUND(D80*F80,1) -> 198.1 | H80: =G80-F80 -> 0 | J80: =IF(G80+I80>0,ROUND(G80+I80,1),0) -> 198.1 | O80: =IF(OR(K80="+",L80="+",M80="+",N80="+"),0,J80) -> 198.1 | P80: 24.1 | Q80: 127.8
A81: Сельское поселение Максимовка | B81: 1 | C81: 10 | D81: =(B81*C81)/(C81) -> 1 | E81: 972 | F81: =ROUND(E81/11,1) -> 88.4 | G81: =ROUND(D81*F81,1) -> 88.4 | H81: =G81-F81 -> 0 | J81: =IF(G81+I81>0,ROUND(G81+I81,1),0) -> 88.4 | O81: =IF(OR(K81="+",L81="+",M81="+",N81="+"),0,J81) -> 88.4 | P81: 10.7 | Q81: 57
A82: Сельское поселение Печинено | B82: 1 | C82: 10 | D82: =(B82*C82)/(C82) -> 1 | E82: 2602 | F82: =ROUND(E82/11,1) -> 236.5 | G82: =ROUND(D82*F82,1) -> 236.5 | H82: =G82-F82 -> 0 | J82: =IF(G82+I82>0,ROUND(G82+I82,1),0) -> 236.5 | O82: =IF(OR(K82="+",L82="+",M82="+",N82="+"),0,J82) -> 236.5 | P82: 28.9 | Q82: 152.4
A83: Муниципальный район Большеглушицкий
A84: Сельское поселение Александровка | B84: 1 | C84: 10 | D84: =(B84*C84)/(C84) -> 1 | E84: 602 | F84: =ROUND(E84/11,1) -> 54.7 | G84: =ROUND(D84*F84,1) -> 54.7 | H84: =G84-F84 -> 0 | J84: =IF(G84+I84>0,ROUND(G84+I84,1),0) -> 54.7 | O84: =IF(OR(K84="+",L84="+",M84="+",N84="+"),0,J84) -> 54.7 | P84: 43.7 | Q84: 8.1
A85: Сельское поселение Большая Глушица | B85: 1 | C85: 10 | D85: =(B85*C85)/(C85) -> 1 | E85: 570 | F85: =ROUND(E85/11,1) -> 51.8 | G85: =ROUND(D85*F85,1) -> 51.8 | H85: =G85-F85 -> 0 | J85: =IF(G85+I85>0,ROUND(G85+I85,1),0) -> 51.8 | O85: =IF(OR(K85="+",L85="+",M85="+",N85="+"),0,J85) -> 51.8 | P85: 41.4 | Q85: 7.6
A86: Сельское поселение Большая Дергуновка | B86: 1 | C86: 10 | D86: =(B86*C86)/(C86) -> 1 | E86: 849 | F86: =ROUND(E86/11,1) -> 77.2 | G86: =ROUND(D86*F86,1) -> 77.2 | H86: =G86-F86 -> 0 | J86: =IF(G86+I86>0,ROUND(G86+I86,1),0) -> 77.2 | O86: =IF(OR(K86="+",L86="+",M86="+",N86="+"),0,J86) -> 77.2 | P86: 61.6 | Q86: 11.5
A87: Сельское поселение Малая Глушица | B87: 1 | C87: 10 | D87: =(B87*C87)/(C87) -> 1 | E87: 1096 | F87: =ROUND(E87/11,1) -> 99.6 | G87: =ROUND(D87*F87,1) -> 99.6 | H87: =G87-F87 -> 0 | J87: =IF(G87+I87>0,ROUND(G87+I87,1),0) -> 99.6 | O87: =IF(OR(K87="+",L87="+",M87="+",N87="+"),0,J87) -> 99.6 | P87: 79.6 | Q87: 14.7
A88: Сельское поселение Мокша | B88: 1 | C88: 10 | D88: =(B88*C88)/(C88) -> 1 | E88: 433 | F88: =ROUND(E88/11,1) -> 39.4 | G88: =ROUND(D88*F88,1) -> 39.4 | H88: =G88-F88 -> 0 | J88: =IF(G88+I88>0,ROUND(G88+I88,1),0) -> 39.4 | O88: =IF(OR(K88="+",L88="+",M88="+",N88="+"),0,J88) -> 39.4 | P88: 31.4 | Q88: 5.9
A89: Сельское поселение Новопавловка | B89: 1 | C89: 10 | D89: =(B89*C89)/(C89) -> 1 | E89: 1576 | F89: =ROUND(E89/11,1) -> 143.3 | G89: =ROUND(D89*F89,1) -> 143.3 | H89: =G89-F89 -> 0 | J89: =IF(G89+I89>0,ROUND(G89+I89,1),0) -> 143.3 | O89: =IF(OR(K89="+",L89="+",M89="+",N89="+"),0,J89) -> 143.3 | P89: 114.3 | Q89: 21.3
A90: Сельское поселение Фрунзенское | B90: 1 | C90: 10 | D90: =(B90*C90)/(C90) -> 1 | E90: 1537 | F90: =ROUND(E90/11,1) -> 139.7 | G90: =ROUND(D90*F90,1) -> 139.7 | H90: =G90-F90 -> 0 | J90: =IF(G90+I90>0,ROUND(G90+I90,1),0) -> 139.7 | O90: =IF(OR(K90="+",L90="+",M90="+",N90="+"),0,J90) -> 139.7 | P90: 111.6 | Q90: 20.6
A91: Сельское поселение Южное | B91: 1 | C91: 10 | D91: =(B91*C91)/(C91) -> 1 | E91: 749 | F91: =ROUND(E91/11,1) -> 68.1 | G91: =ROUND(D91*F91,1) -> 68.1 | H91: =G91-F91 -> 0 | J91: =IF(G91+I91>0,ROUND(G91+I91,1),0) -> 68.1 | O91: =IF(OR(K91="+",L91="+",M91="+",N91="+"),0,J91) -> 68.1 | P91: 54.3 | Q91: 10.1
A92: Муниципальный район Большечерниговский
A93: Сельское поселение Августовка | B93: 1 | C93: 10 | D93: =(B93*C93)/(C93) -> 1 | E93: 1663 | F93: =ROUND(E93/11,1) -> 151.2 | G93: =ROUND(D93*F93,1) -> 151.2 | H93: =G93-F93 -> 0 | J93: =IF(G93+I93>0,ROUND(G93+I93,1),0) -> 151.2 | O93: =IF(OR(K93="+",L93="+",M93="+",N93="+"),0,J93) -> 151.2 | P93: 122.4 | Q93: 21.1
A94: Сельское поселение Большая Черниговка | B94: 1 | C94: 10 | D94: =(B94*C94)/(C94) -> 1 | E94: 1148 | F94: =ROUND(E94/11,1) -> 104.4 | G94: =ROUND(D94*F94,1) -> 104.4 | H94: =G94-F94 -> 0 | J94: =IF(G94+I94>0,ROUND(G94+I94,1),0) -> 104.4 | O94: =IF(OR(K94="+",L94="+",M94="+",N94="+"),0,J94) -> 104.4 | P94: 84.5 | Q94: 14.6
A95: Сельское поселение Восточный | B95: 1 | C95: 10 | D95: =(B95*C95)/(C95) -> 1 | E95: 2926 | F95: =ROUND(E95/11,1) -> 266 | G95: =ROUND(D95*F95,1) -> 266 | H95: =G95-F95 -> 0 | J95: =IF(G95+I95>0,ROUND(G95+I95,1),0) -> 266 | O95: =IF(OR(K95="+",L95="+",M95="+",N95="+"),0,J95) -> 266 | P95: 215.4 | Q95: 37.2
A96: Сельское поселение Глушицкий | B96: 1 | C96: 10 | D96: =(B96*C96)/(C96) -> 1 | E96: 2933 | F96: =ROUND(E96/11,1) -> 266.6 | G96: =ROUND(D96*F96,1) -> 266.6 | H96: =G96-F96 -> 0 | J96: =IF(G96+I96>0,ROUND(G96+I96,1),0) -> 266.6 | O96: =IF(OR(K96="+",L96="+",M96="+",N96="+"),0,J96) -> 266.6 | P96: 216 | Q96: 37.2
A97: Сельское поселение Краснооктябрьский | B97: 1 | C97: 10 | D97: =(B97*C97)/(C97) -> 1 | E97: 2065 | F97: =ROUND(E97/11,1) -> 187.7 | G97: =ROUND(D97*F97,1) -> 187.7 | H97: =G97-F97 -> 0 | J97: =IF(G97+I97>0,ROUND(G97+I97,1),0) -> 187.7 | O97: =IF(OR(K97="+",L97="+",M97="+",N97="+"),0,J97) -> 187.7 | P97: 152.1 | Q97: 26.1
A98: Сельское поселение Пензено | B98: 1 | C98: 10 | D98: =(B98*C98)/(C98) -> 1 | E98: 1735 | F98: =ROUND(E98/11,1) -> 157.7 | G98: =ROUND(D98*F98,1) -> 157.7 | H98: =G98-F98 -> 0 | J98: =IF(G98+I98>0,ROUND(G98+I98,1),0) -> 157.7 | O98: =IF(OR(K98="+",L98="+",M98="+",N98="+"),0,J98) -> 157.7 | P98: 127.8 | Q98: 22
A99: Сельское поселение Петровский | B99: 1 | C99: 10 | D99: =(B99*C99)/(C99) -> 1 | E99: 2058 | F99: =ROUND(E99/11,1) -> 187.1 | G99: =ROUND(D99*F99,1) -> 187.1 | H99: =G99-F99 -> 0 | J99: =IF(G99+I99>0,ROUND(G99+I99,1),0) -> 187.1 | O99: =IF(OR(K99="+",L99="+",M99="+",N99="+"),0,J99) -> 187.1 | P99: 151.5 | Q99: 26.1
A100: Сельское поселение Поляков | B100: 1 | C100: 10 | D100: =(B100*C100)/(C100) -> 1 | E100: 2038 | F100: =ROUND(E100/11,1) -> 185.3 | G100: =ROUND(D100*F100,1) -> 185.3 | H100: =G100-F100 -> 0 | J100: =IF(G100+I100>0,ROUND(G100+I100,1),0) -> 185.3 | O100: =IF(OR(K100="+",L100="+",M100="+",N100="+"),0,J100) -> 185.3 | P100: 150 | Q100: 25.9
...

Sheet Плюсы и минусы
A1: Факторный анализ влияния отдельных показателей на итоговое распределение за ноябрь 2019 года
F2: тыс. рублей
A3: Наименование муниципального образования | B3: +/- по итогам отчётного периода | C3: Отсутствие просроченной кредиторской задолженности местного бюджета (консолидированного бюджета городского округа с внутригородским делением, консолидированного бюджета муниципального района) по состоянию на конец отчетного периода | F3: Общая сумма весов влияния
C4: Отклонение от прогноза | D4: Вес влияния на результат | E4: + / - (5)=(2)*(4)/(6)
A5: 1 | B5: 2 | C5: 3 | D5: 4 | E5: 5 | F5: 6
A6: Городские округа | B6: ='Расчет субсидий'!H8 -> 0 | E6: =SUM(E7:E16) -> #DIV/0!
A7: Самара | B7: ='Расчет субсидий'!H9 -> 0 | C7: ='Расчет субсидий'!B9-1 -> 0 | D7: =C7*'Расчет субсидий'!C9 -> 0 | E7: =$B7*D7/$F7 -> #DIV/0! | F7: =D7 -> 0
A8: Тольятти | B8: ='Расчет субсидий'!H10 -> 0 | C8: ='Расчет субсидий'!B10-1 -> 0 | D8: =C8*'Расчет субсидий'!C10 -> 0 | E8: =$B8*D8/$F8 -> #DIV/0! | F8: =D8 -> 0
A9: Сызрань | B9: ='Расчет субсидий'!H11 -> 0 | C9: ='Расчет субсидий'!B11-1 -> 0 | D9: =C9*'Расчет субсидий'!C11 -> 0 | E9: =$B9*D9/$F9 -> #DIV/0! | F9: =D9 -> 0
A10: Новокуйбышевск | B10: ='Расчет субсидий'!H12 -> 0 | C10: ='Расчет субсидий'!B12-1 -> 0 | D10: =C10*'Расчет субсидий'!C12 -> 0 | E10: =$B10*D10/$F10 -> #DIV/0! | F10: =D10 -> 0
A11: Чапаевск | B11: ='Расчет субсидий'!H13 -> 0 | C11: ='Расчет субсидий'!B13-1 -> 0 | D11: =C11*'Расчет субсидий'!C13 -> 0 | E11: =$B11*D11/$F11 -> #DIV/0! | F11: =D11 -> 0
A12: Отрадный | B12: ='Расчет субсидий'!H14 -> 0 | C12: ='Расчет субсидий'!B14-1 -> 0 | D12: =C12*'Расчет субсидий'!C14 -> 0 | E12: =$B12*D12/$F12 -> #DIV/0! | F12: =D12 -> 0
A13: Жигулевск | B13: ='Расчет субсидий'!H15 -> 0 | C13: ='Расчет субсидий'!B15-1 -> 0 | D13: =C13*'Расчет субсидий'!C15 -> 0 | E13: =$B13*D13/$F13 -> #DIV/0! | F13: =D13 -> 0
A14: Октябрьск | B14: ='Расчет субсидий'!H16 -> 0 | C14: ='Расчет субсидий'!B16-1 -> 0 | D14: =C14*'Расчет субсидий'!C16 -> 0 | E14: =$B14*D14/$F14 -> #DIV/0! | F14: =D14 -> 0
A15: Кинель | B15: ='Расчет субсидий'!H17 -> 0 | C15: ='Расчет субсидий'!B17-1 -> 0 | D15: =C15*'Расчет субсидий'!C17 -> 0 | E15: =$B15*D15/$F15 -> #DIV/0! | F15: =D15 -> 0
A16: Похвистнево | B16: ='Расчет субсидий'!H18 -> 0 | C16: ='Расчет субсидий'!B18-1 -> 0 | D16: =C16*'Расчет субсидий'!C18 -> 0 | E16: =$B16*D16/$F16 -> #DIV/0! | F16: =D16 -> 0
A17: Внутригородские районы г.о.Самара | B17: =SUM(B18:B26) -> 0 | E17: =SUM(E18:E26) -> #DIV/0!
A18: Железнодорожный | B18: ='Расчет субсидий'!H20 -> 0 | C18: ='Расчет субсидий'!B20-1 -> 0 | D18: =C18*'Расчет субсидий'!C20 -> 0 | E18: =$B18*D18/$F18 -> #DIV/0! | F18: =D18 -> 0
A19: Кировский | B19: ='Расчет субсидий'!H21 -> 0 | C19: ='Расчет субсидий'!B21-1 -> 0 | D19: =C19*'Расчет субсидий'!C21 -> 0 | E19: =$B19*D19/$F19 -> #DIV/0! | F19: =D19 -> 0
A20: Красноглинский | B20: ='Расчет субсидий'!H22 -> 0 | C20: ='Расчет субсидий'!B22-1 -> 0 | D20: =C20*'Расчет субсидий'!C22 -> 0 | E20: =$B20*D20/$F20 -> #DIV/0! | F20: =D20 -> 0
A21: Куйбышевский | B21: ='Расчет субсидий'!H23 -> 0 | C21: ='Расчет субсидий'!B23-1 -> 0 | D21: =C21*'Расчет субсидий'!C23 -> 0 | E21: =$B21*D21/$F21 -> #DIV/0! | F21: =D21 -> 0
A22: Ленинский | B22: ='Расчет субсидий'!H24 -> 0 | C22: ='Расчет субсидий'!B24-1 -> 0 | D22: =C22*'Расчет субсидий'!C24 -> 0 | E22: =$B22*D22/$F22 -> #DIV/0! | F22: =D22 -> 0
A23: Октябрьский | B23: ='Расчет субсидий'!H25 -> 0 | C23: ='Расчет субсидий'!B25-1 -> 0 | D23: =C23*'Расчет субсидий'!C25 -> 0 | E23: =$B23*D23/$F23 -> #DIV/0! | F23: =D23 -> 0
A24: Промышленный | B24: ='Расчет субсидий'!H26 -> 0 | C24: ='Расчет субсидий'!B26-1 -> 0 | D24: =C24*'Расчет субсидий'!C26 -> 0 | E24: =$B24*D24/$F24 -> #DIV/0! | F24: =D24 -> 0
A25: Самарский | B25: ='Расчет субсидий'!H27 -> 0 | C25: ='Расчет субсидий'!B27-1 -> 0 | D25: =C25*'Расчет субсидий'!C27 -> 0 | E25: =$B25*D25/$F25 -> #DIV/0! | F25: =D25 -> 0
A26: Советский | B26: ='Расчет субсидий'!H28 -> 0 | C26: ='Расчет субсидий'!B28-1 -> 0 | D26: =C26*'Расчет субсидий'!C28 -> 0 | E26: =$B26*D26/$F26 -> #DIV/0! | F26: =D26 -> 0
A27: Муниципальные районы | B27: ='Расчет субсидий'!H29 -> 0 | E27: =SUM(E28:E54) -> #DIV/0!
A28: Алексеевский | B28: ='Расчет субсидий'!H30 -> 0 | C28: ='Расчет субсидий'!B30-1 -> 0 | D28: =C28*'Расчет субсидий'!C30 -> 0 | E28: =$B28*D28/$F28 -> #DIV/0! | F28: =D28 -> 0
A29: Безенчукский | B29: ='Расчет субсидий'!H31 -> 0 | C29: ='Расчет субсидий'!B31-1 -> 0 | D29: =C29*'Расчет субсидий'!C31 -> 0 | E29: =$B29*D29/$F29 -> #DIV/0! | F29: =D29 -> 0
A30: Богатовский | B30: ='Расчет субсидий'!H32 -> 0 | C30: ='Расчет субсидий'!B32-1 -> 0 | D30: =C30*'Расчет субсидий'!C32 -> 0 | E30: =$B30*D30/$F30 -> #DIV/0! | F30: =D30 -> 0
A31: Большеглушицкий | B31: ='Расчет субсидий'!H33 -> 0 | C31: ='Расчет субсидий'!B33-1 -> 0 | D31: =C31*'Расчет субсидий'!C33 -> 0 | E31: =$B31*D31/$F31 -> #DIV/0! | F31: =D31 -> 0
A32: Большечерниговский | B32: ='Расчет субсидий'!H34 -> 0 | C32: ='Расчет субсидий'!B34-1 -> 0 | D32: =C32*'Расчет субсидий'!C34 -> 0 | E32: =$B32*D32/$F32 -> #DIV/0! | F32: =D32 -> 0
A33: Борский | B33: ='Расчет субсидий'!H35 -> 0 | C33: ='Расчет субсидий'!B35-1 -> 0 | D33: =C33*'Расчет субсидий'!C35 -> 0 | E33: =$B33*D33/$F33 -> #DIV/0! | F33: =D33 -> 0
A34: Волжский | B34: ='Расчет субсидий'!H36 -> 0 | C34: ='Расчет субсидий'!B36-1 -> 0 | D34: =C34*'Расчет субсидий'!C36 -> 0 | E34: =$B34*D34/$F34 -> #DIV/0! | F34: =D34 -> 0
A35: Елховский | B35: ='Расчет субсидий'!H37 -> 0 | C35: ='Расчет субсидий'!B37-1 -> 0 | D35: =C35*'Расчет субсидий'!C37 -> 0 | E35: =$B35*D35/$F35 -> #DIV/0! | F35: =D35 -> 0
A36: Исаклинский | B36: ='Расчет субсидий'!H38 -> 0 | C36: ='Расчет субсидий'!B38-1 -> 0 | D36: =C36*'Расчет субсидий'!C38 -> 0 | E36: =$B36*D36/$F36 -> #DIV/0! | F36: =D36 -> 0
A37: Камышлинский | B37: ='Расчет субсидий'!H39 -> 0 | C37: ='Расчет субсидий'!B39-1 -> 0 | D37: =C37*'Расчет субсидий'!C39 -> 0 | E37: =$B37*D37/$F37 -> #DIV/0! | F37: =D37 -> 0
A38: Кинельский | B38: ='Расчет субсидий'!H40 -> 0 | C38: ='Расчет субсидий'!B40-1 -> 0 | D38: =C38*'Расчет субсидий'!C40 -> 0 | E38: =$B38*D38/$F38 -> #DIV/0! | F38: =D38 -> 0
A39: Кинель-Черкасский | B39: ='Расчет субсидий'!H41 -> 0 | C39: ='Расчет субсидий'!B41-1 -> 0 | D39: =C39*'Расчет субсидий'!C41 -> 0 | E39: =$B39*D39/$F39 -> #DIV/0! | F39: =D39 -> 0
... A54: Шигонский | B54: ='Расчет субсидий'!H56 -> 0 | C54: ='Расчет субсидий'!B56-1 -> 0 | D54: =C54*'Расчет субсидий'!C56 -> 0 | E54: =$B54*D54/$F54 -> #DIV/0! | F54: =D54 -> 0
A55: Городские и сельские поселения | B55: ='Расчет субсидий'!H57 -> 0 | E55: =SUM(E57:E378) -> #DIV/0!
A56: Муниципальный район Алексеевский
A57: Сельское поселение Авангард | B57: ='Расчет субсидий'!H59 -> 0 | C57: ='Расчет субсидий'!B59-1 -> 0 | D57: =C57*'Расчет субсидий'!C59 -> 0 | E57: =$B57*D57/$F57 -> #DIV/0! | F57: =D57 -> 0
A58: Сельское поселение Алексеевка | B58: ='Расчет субсидий'!H60 -> 0 | C58: ='Расчет субсидий'!B60-1 -> 0 | D58: =C58*'Расчет субсидий'!C60 -> 0 | E58: =$B58*D58/$F58 -> #DIV/0! | F58: =D58 -> 0
A59: Сельское поселение Гавриловка | B59: ='Расчет субсидий'!H61 -> 0 | C59: ='Расчет субсидий'!B61-1 -> 0 | D59: =C59*'Расчет субсидий'!C61 -> 0 | E59: =$B59*D59/$F59 -> #DIV/0! | F59: =D59 -> 0
A60: Сельское поселение Герасимовка | B60: ='Расчет субсидий'!H62 -> 0 | C60: ='Расчет субсидий'!B62-1 -> 0 | D60: =C60*'Расчет субсидий'!C62 -> 0 | E60: =$B60*D60/$F60 -> #DIV/0! | F60: =D60 -> 0
A61: Сельское поселение Летниково | B61: ='Расчет субсидий'!H63 -> 0 | C61: ='Расчет субсидий'!B63-1 -> 0 | D61: =C61*'Расчет субсидий'!C63 -> 0 | E61: =$B61*D61/$F61 -> #DIV/0! | F61: =D61 -> 0
A62: Муниципальный район Безенчукский
A63: Городское поселение Безенчук | B63: ='Расчет субсидий'!H65 -> 0 | C63: ='Расчет субсидий'!B65-1 -> 0 | D63: =C63*'Расчет субсидий'!C65 -> 0 | E63: =$B63*D63/$F63 -> #DIV/0! | F63: =D63 -> 0
A64: Сельское поселение Васильевка | B64: ='Расчет субсидий'!H66 -> 0 | C64: ='Расчет субсидий'!B66-1 -> 0 | D64: =C64*'Расчет субсидий'!C66 -> 0 | E64: =$B64*D64/$F64 -> #DIV/0! | F64: =D64 -> 0
A65: Сельское поселение Екатериновка | B65: ='Расчет субсидий'!H67 -> 0 | C65: ='Расчет субсидий'!B67-1 -> 0 | D65: =C65*'Расчет субсидий'!C67 -> 0 | E65: =$B65*D65/$F65 -> #DIV/0! | F65: =D65 -> 0
A66: Сельское поселение Звезда | B66: ='Расчет субсидий'!H68 -> 0 | C66: ='Расчет субсидий'!B68-1 -> 0 | D66: =C66*'Расчет субсидий'!C68 -> 0 | E66: =$B66*D66/$F66 -> #DIV/0! | F66: =D66 -> 0
A67: Сельское поселение Купино | B67: ='Расчет субсидий'!H69 -> 0 | C67: ='Расчет субсидий'!B69-1 -> 0 | D67: =C67*'Расчет субсидий'!C69 -> 0 | E67: =$B67*D67/$F67 -> #DIV/0! | F67: =D67 -> 0
A68: Сельское поселение Натальино | B68: ='Расчет субсидий'!H70 -> 0 | C68: ='Расчет субсидий'!B70-1 -> 0 | D68: =C68*'Расчет субсидий'!C70 -> 0 | E68: =$B68*D68/$F68 -> #DIV/0! | F68: =D68 -> 0
A69: Сельское поселение Ольгино | B69: ='Расчет субсидий'!H71 -> 0 | C69: ='Расчет субсидий'!B71-1 -> 0 | D69: =C69*'Расчет субсидий'!C71 -> 0 | E69: =$B69*D69/$F69 -> #DIV/0! | F69: =D69 -> 0
A70: Городское поселение Осинки | B70: ='Расчет субсидий'!H72 -> 0 | C70: ='Расчет субсидий'!B72-1 -> 0 | D70: =C70*'Расчет субсидий'!C72 -> 0 | E70: =$B70*D70/$F70 -> #DIV/0! | F70: =D70 -> 0
A71: Сельское поселение Переволоки | B71: ='Расчет субсидий'!H73 -> 0 | C71: ='Расчет субсидий'!B73-1 -> 0 | D71: =C71*'Расчет субсидий'!C73 -> 0 | E71: =$B71*D71/$F71 -> #DIV/0! | F71: =D71 -> 0
A72: Сельское поселение Песочное | B72: ='Расчет субсидий'!H74 -> 0 | C72: ='Расчет субсидий'!B74-1 -> 0 | D72: =C72*'Расчет субсидий'!C74 -> 0 | E72: =$B72*D72/$F72 -> #DIV/0! | F72: =D72 -> 0
A73: Сельское поселение Преполовенка | B73: ='Расчет субсидий'!H75 -> 0 | C73: ='Расчет субсидий'!B75-1 -> 0 | D73: =C73*'Расчет субсидий'!C75 -> 0 | E73: =$B73*D73/$F73 -> #DIV/0! | F73: =D73 -> 0
A74: Сельское поселение Прибой | B74: ='Расчет субсидий'!H76 -> 0 | C74: ='Расчет субсидий'!B76-1 -> 0 | D74: =C74*'Расчет субсидий'!C76 -> 0 | E74: =$B74*D74/$F74 -> #DIV/0! | F74: =D74 -> 0
A75: Муниципальный район Богатовский
A76: Сельское поселение Арзамасцевка | B76: ='Расчет субсидий'!H78 -> 0 | C76: ='Расчет субсидий'!B78-1 -> 0 | D76: =C76*'Расчет субсидий'!C78 -> 0 | E76: =$B76*D76/$F76 -> #DIV/0! | F76: =D76 -> 0
A77: Сельское поселение Богатое | B77: ='Расчет субсидий'!H79 -> 0 | C77: ='Расчет субсидий'!B79-1 -> 0 | D77: =C77*'Расчет субсидий'!C79 -> 0 | E77: =$B77*D77/$F77 -> #DIV/0! | F77: =D77 -> 0
A78: Сельское поселение Виловатое | B78: ='Расчет субсидий'!H80 -> 0 | C78: ='Расчет субсидий'!B80-1 -> 0 | D78: =C78*'Расчет субсидий'!C80 -> 0 | E78: =$B78*D78/$F78 -> #DIV/0! | F78: =D78 -> 0
A79: Сельское поселение Максимовка | B79: ='Расчет субсидий'!H81 -> 0 | C79: ='Расчет субсидий'!B81-1 -> 0 | D79: =C79*'Расчет субсидий'!C81 -> 0 | E79: =$B79*D79/$F79 -> #DIV/0! | F79: =D79 -> 0
A80: Сельское поселение Печинено | B80: ='Расчет субсидий'!H82 -> 0 | C80: ='Расчет субсидий'!B82-1 -> 0 | D80: =C80*'Расчет субсидий'!C82 -> 0 | E80: =$B80*D80/$F80 -> #DIV/0! | F80: =D80 -> 0
A81: Муниципальный район Большеглушицкий
A82: Сельское поселение Александровка | B82: ='Расчет субсидий'!H84 -> 0 | C82: ='Расчет субсидий'!B84-1 -> 0 | D82: =C82*'Расчет субсидий'!C84 -> 0 | E82: =$B82*D82/$F82 -> #DIV/0! | F82: =D82 -> 0
A83: Сельское поселение Большая Глушица | B83: ='Расчет субсидий'!H85 -> 0 | C83: ='Расчет субсидий'!B85-1 -> 0 | D83: =C83*'Расчет субсидий'!C85 -> 0 | E83: =$B83*D83/$F83 -> #DIV/0! | F83: =D83 -> 0
A84: Сельское поселение Большая Дергуновка | B84: ='Расчет субсидий'!H86 -> 0 | C84: ='Расчет субсидий'!B86-1 -> 0 | D84: =C84*'Расчет субсидий'!C86 -> 0 | E84: =$B84*D84/$F84 -> #DIV/0! | F84: =D84 -> 0
A85: Сельское поселение Малая Глушица | B85: ='Расчет субсидий'!H87 -> 0 | C85: ='Расчет субсидий'!B87-1 -> 0 | D85: =C85*'Расчет субсидий'!C87 -> 0 | E85: =$B85*D85/$F85 -> #DIV/0! | F85: =D85 -> 0
A86: Сельское поселение Мокша | B86: ='Расчет субсидий'!H88 -> 0 | C86: ='Расчет субсидий'!B88-1 -> 0 | D86: =C86*'Расчет субсидий'!C88 -> 0 | E86: =$B86*D86/$F86 -> #DIV/0! | F86: =D86 -> 0
A87: Сельское поселение Новопавловка | B87: ='Расчет субсидий'!H89 -> 0 | C87: ='Расчет субсидий'!B89-1 -> 0 | D87: =C87*'Расчет субсидий'!C89 -> 0 | E87: =$B87*D87/$F87 -> #DIV/0! | F87: =D87 -> 0
A88: Сельское поселение Фрунзенское | B88: ='Расчет субсидий'!H90 -> 0 | C88: ='Расчет субсидий'!B90-1 -> 0 | D88: =C88*'Расчет субсидий'!C90 -> 0 | E88: =$B88*D88/$F88 -> #DIV/0! | F88: =D88 -> 0
A89: Сельское поселение Южное | B89: ='Расчет субсидий'!H91 -> 0 | C89: ='Расчет субсидий'!B91-1 -> 0 | D89: =C89*'Расчет субсидий'!C91 -> 0 | E89: =$B89*D89/$F89 -> #DIV/0! | F89: =D89 -> 0
A90: Муниципальный район Большечерниговский
A91: Сельское поселение Августовка | B91: ='Расчет субсидий'!H93 -> 0 | C91: ='Расчет субсидий'!B93-1 -> 0 | D91: =C91*'Расчет субсидий'!C93 -> 0 | E91: =$B91*D91/$F91 -> #DIV/0! | F91: =D91 -> 0
A92: Сельское поселение Большая Черниговка | B92: ='Расчет субсидий'!H94 -> 0 | C92: ='Расчет субсидий'!B94-1 -> 0 | D92: =C92*'Расчет субсидий'!C94 -> 0 | E92: =$B92*D92/$F92 -> #DIV/0! | F92: =D92 -> 0
A93: Сельское поселение Восточный | B93: ='Расчет субсидий'!H95 -> 0 | C93: ='Расчет субсидий'!B95-1 -> 0 | D93: =C93*'Расчет субсидий'!C95 -> 0 | E93: =$B93*D93/$F93 -> #DIV/0! | F93: =D93 -> 0
A94: Сельское поселение Глушицкий | B94: ='Расчет субсидий'!H96 -> 0 | C94: ='Расчет субсидий'!B96-1 -> 0 | D94: =C94*'Расчет субсидий'!C96 -> 0 | E94: =$B94*D94/$F94 -> #DIV/0! | F94: =D94 -> 0
A95: Сельское поселение Краснооктябрьский | B95: ='Расчет субсидий'!H97 -> 0 | C95: ='Расчет субсидий'!B97-1 -> 0 | D95: =C95*'Расчет субсидий'!C97 -> 0 | E95: =$B95*D95/$F95 -> #DIV/0! | F95: =D95 -> 0
A96: Сельское поселение Пензено | B96: ='Расчет субсидий'!H98 -> 0 | C96: ='Расчет субсидий'!B98-1 -> 0 | D96: =C96*'Расчет субсидий'!C98 -> 0 | E96: =$B96*D96/$F96 -> #DIV/0! | F96: =D96 -> 0
A97: Сельское поселение Петровский | B97: ='Расчет субсидий'!H99 -> 0 | C97: ='Расчет субсидий'!B99-1 -> 0 | D97: =C97*'Расчет субсидий'!C99 -> 0 | E97: =$B97*D97/$F97 -> #DIV/0! | F97: =D97 -> 0
A98: Сельское поселение Поляков | B98: ='Расчет субсидий'!H100 -> 0 | C98: ='Расчет субсидий'!B100-1 -> 0 | D98: =C98*'Расчет субсидий'!C100 -> 0 | E98: =$B98*D98/$F98 -> #DIV/0! | F98: =D98 -> 0
A99: Сельское поселение Украинка | B99: ='Расчет субсидий'!H101 -> 0 | C99: ='Расчет субсидий'!B101-1 -> 0 | D99: =C99*'Расчет субсидий'!C101 -> 0 | E99: =$B99*D99/$F99 -> #DIV/0! | F99: =D99 -> 0
A100: Муниципальный район Борский
A101: Сельское поселение Большое Алдаркино | B101: ='Расчет субсидий'!H103 -> 0 | C101: ='Расчет субсидий'!B103-1 -> 0 | D101: =C101*'Расчет субсидий'!C103 -> 0 | E101: =$B101*D101/$F101 -> #DIV/0! | F101: =D101 -> 0
A102: Сельское поселение Борское | B102: ='Расчет субсидий'!H104 -> 0 | C102: ='Расчет субсидий'!B104-1 -> 0 | D102: =C102*'Расчет субсидий'!C104 -> 0 | E102: =$B102*D102/$F102 -> #DIV/0! | F102: =D102 -> 0
A103: Сельское поселение Гвардейцы | B103: ='Расчет субсидий'!H105 -> 0 | C103: ='Расчет субсидий'!B105-1 -> 0 | D103: =C103*'Расчет субсидий'!C105 -> 0 | E103: =$B103*D103/$F103 -> #DIV/0! | F103: =D103 -> 0
A104: Сельское поселение Долматовка | B104: ='Расчет субсидий'!H106 -> 0 | C104: ='Расчет субсидий'!B106-1 -> 0 | D104: =C104*'Расчет субсидий'!C106 -> 0 | E104: =$B104*D104/$F104 -> #DIV/0! | F104: =D104 -> 0
A105: Сельское поселение Заплавное | B105: ='Расчет субсидий'!H107 -> 0 | C105: ='Расчет субсидий'!B107-1 -> 0 | D105: =C105*'Расчет субсидий'!C107 -> 0 | E105: =$B105*D105/$F105 -> #DIV/0! | F105: =D105 -> 0
A106: Сельское поселение Коноваловка | B106: ='Расчет субсидий'!H108 -> 0 | C106: ='Расчет субсидий'!B108-1 -> 0 | D106: =C106*'Расчет субсидий'!C108 -> 0 | E106: =$B106*D106/$F106 -> #DIV/0! | F106: =D106 -> 0
A107: Сельское поселение Новоборское | B107: ='Расчет субсидий'!H109 -> 0 | C107: ='Расчет субсидий'!B109-1 -> 0 | D107: =C107*'Расчет субсидий'!C109 -> 0 | E107: =$B107*D107/$F107 -> #DIV/0! | F107: =D107 -> 0
A108: Сельское поселение Новый Кутулук | B108: ='Расчет субсидий'!H110 -> 0 | C108: ='Расчет субсидий'!B110-1 -> 0 | D108: =C108*'Расчет субсидий'!C110 -> 0 | E108: =$B108*D108/$F108 -> #DIV/0! | F108: =D108 -> 0
A109: Сельское поселение Петровка | B109: ='Расчет субсидий'!H111 -> 0 | C109: ='Расчет субсидий'!B111-1 -> 0 | D109: =C109*'Расчет субсидий'!C111 -> 0 | E109: =$B109*D109/$F109 -> #DIV/0! | F109: =D109 -> 0
A110: Сельское поселение Подгорное | B110: ='Расчет субсидий'!H112 -> 0 | C110: ='Расчет субсидий'!B112-1 -> 0 | D110: =C110*'Расчет субсидий'!C112 -> 0 | E110: =$B110*D110/$F110 -> #DIV/0! | F110: =D110 -> 0
A111: Сельское поселение Подсолнечное | B111: ='Расчет субсидий'!H113 -> 0 | C111: ='Расчет субсидий'!B113-1 -> 0 | D111: =C111*'Расчет субсидий'!C113 -> 0 | E111: =$B111*D111/$F111 -> #DIV/0! | F111: =D111 -> 0
A112: Сельское поселение Таволжанка | B112: ='Расчет субсидий'!H114 -> 0 | C112: ='Расчет субсидий'!B114-1 -> 0 | D112: =C112*'Расчет субсидий'!C114 -> 0 | E112: =$B112*D112/$F112 -> #DIV/0! | F112: =D112 -> 0
A113: Сельское поселение Усманка | B113: ='Расчет субсидий'!H115 -> 0 | C113: ='Расчет субсидий'!B115-1 -> 0 | D113: =C113*'Расчет субсидий'!C115 -> 0 | E113: =$B113*D113/$F113 -> #DIV/0! | F113: =D113 -> 0
A114: Муниципальный район Волжский
...
